 Dungeon Sprint DCSS version 0.30-a0-691-g754fce4c43 (webtiles) character file.

Game seed: 12953201672719846753

91 BigDaddyOpFi the Trooper (level 4, -10/35 HPs)
             Began as an Octopode Fighter on Jan 19, 2023.
             Was a Believer of Qazlal.
             Mangled by a death cob (34 damage)
             ... in the Dungeon (Sprint V: "Ziggurat Sprint").
             The game lasted 00:01:38 (491 turns).

BigDaddyOpFi the Trooper (Octopode Fighter)          Turns: 491, Time: 00:01:38

Health: -10/35     AC:  1    Str: 29    XL:     4   Next: 57%
Magic:  6/6        EV: 10    Int: 22    God:    Qazlal [**....]
Gold:   0          SH: 32    Dex: 23    Spells: 3/3 levels left

rFire   . . .      SeeInvis .    b - +6 shillelagh "Devastator" {shatter}
rCold   . . .      Faith    .    D - +18 shield of the Gong {Loud rElec rN+ Will+ EV-5}
rNeg    + . .      Spirit   .    (helmet restricted)
rPois   .          Reflect  .    (no amulet)
rElec   +          Harm     .    u - ring of flight
rCorr   .          Rampage  .    v - +6 ring of dexterity
Will    +....      NoTele   +    w - +6 ring of dexterity
Stlth   +++                      x - +6 ring of intelligence
HPRegen 0.25/turn                y - +6 ring of intelligence
MPRegen 0.10/turn                z - +6 ring of strength
                                 A - +6 ring of strength
                                 (no ring)

@: flying, slowed, very slow
A: almost no armour, amphibious, 8 rings, camouflage 1, gelatinous body 1,
(nimble swimmer 1), tentacles
a: Renounce Religion, Upheaval


You were in the Dungeon.
You worshipped Qazlal.
Qazlal was pleased with you.
You visited 1 branch

Inventory:

Hand Weapons
 b - the +6 shillelagh "Devastator" (weapon) {shatter}
   (You found it in the Dungeon)
Armour
 D - the +18 shield of the Gong (worn) {Loud rElec rN+ Will+ EV-5}
   (You found it in the Dungeon)

   Loud:      It is deafeningly noisy when blocking attacks.
   EV:        It affects your evasion (-5).
   rElec:     It insulates you from electricity.
   rN:        It protects you from negative energy.
   Will:      It increases your willpower.
Jewellery
 u - a ring of flight (left tentacle)
 v - a +6 ring of dexterity (right tentacle)
 w - a +6 ring of dexterity (on tentacle)
 x - a +6 ring of intelligence (on tentacle)
 y - a +6 ring of intelligence (on tentacle)
 z - a +6 ring of strength (on tentacle)
 A - a +6 ring of strength (on tentacle)
Wands
 r - a wand of mindburst (7)
 s - a wand of iceblast (5) (quivered)
 t - a wand of light (7)
Scrolls
 i - 3 scrolls of blinking
 n - 4 scrolls of amnesia
 o - 7 scrolls of fog
 p - 5 scrolls of identify
 q - 2 scrolls of fear
Potions
 c - 6 potions of might
 d - 10 potions of curing
 e - 7 potions of heal wounds
 f - 6 potions of haste
 g - 7 potions of magic
 h - 3 potions of berserk rage
 j - 2 potions of brilliance
 k - 2 potions of invisibility
 l - 4 potions of resistance
Miscellaneous
 a - a phial of floods
 m - a box of beasts
 B - a lightning rod (4/4)


   Skills:
 + Level 5.6 Fighting
 + Level 3.5(4.2) Axes
 - Level 3.4(4.1) Maces & Flails
 + Level 5.6 Dodging
 + Level 5.6 Shields
 + Level 3.0 Invocations
 + Level 0.0 Evocations


You had 3 spell levels left.
You didn't know any spells.
Your spell library contained the following spells:

 Spells                   Type           Power      Damage    Failure   Level
 Portal Projectile        Hex/Tloc       0%         N/A       80%         3
 Tukima's Dance           Hex            0%         N/A       80%         3
 Blade Hands              Tmut           0%         N/A       100%        5


Dungeon Overview and Level Annotations

Branches:
Dungeon (1/1)

Altars:
Ashenzari
Cheibriados
Dithmenos
Elyvilon
Fedhas
Gozag
Hepliaklqana
Kikubaaqudgha
Makhleb
Nemelex Xobeh
Okawaru
Qazlal
Ru
Sif Muna
Trog
Uskayaw
Vehumet
Wu Jian
Xom
Yredelemnul
Zin
The Shining One
Jiyva
Lugonu

Annotations:
D 1 transporter


Innate Abilities, Weirdness & Mutations

You cannot wear most types of armour.
You are amphibious.
You can wear up to eight rings at the same time.
Your skin changes colour to match your surroundings (Stealth+).
Your rubbery body absorbs attacks. (AC +1, EV +1)
((You are camouflaged when in or above water. (Stealth+)))
You have tentacles for arms and can constrict up to eight enemies at once.


Message History

The death cob barely misses you. You block the draconian's attack.
GONNNNG!
The death cob hits you!
You barely miss the death cob.
The death cob is heavily damaged.
You constrict the death cob. You block the death cob's attack.
GONNNNG!
You block the death cob's attack.
GONNNNG!
You block the death cob's attack.
PANG!
The draconian hits you with a +0 club!
* * * LOW HITPOINT WARNING * * *
You block the death cob's attack.
BONNNG!
The draconian barely misses you.
You feel much better.
You constrict the death cob, but do no damage.
You block the death cob's attack.
PTOANNNG!
You block the death cob's attack.
PANG!
You block the death cob's attack.
GONNNNG!
You block the draconian's attack.
GONNNNG!
The death cob hits you!
You hit the death cob.
The death cob and the draconians shudder.
The death cob is severely damaged.
The draconian is heavily wounded.
The draconian is moderately wounded.
You squeeze the death cob!
The death cob is severely damaged.
You constrict the death cob, but do no damage.
You block the death cob's attack.
GONNNNG!
The death cob hits you!!
Ouch! That really hurt!
You die...

▓▓▓▓▓▓▓▓▓▓▓▓▓▓▓▓▓▓▓
▓.8©8@▓.8©8.▓.8©8.▓
▓.)ddz▓..)..▓.....▓
▓..=.d▓.....▓...|.▓
▓.....▓.....▓.....▓
▓.....▓.....▓.....▓
▓.....▓.....▓..©..▓
▓..©..▓..©..▓▓▓▓▓▓▓
▓▓▓▓▓▓▓▓▓▓▓▓▓


You could see a death cob and 3 draconians.

Vanquished Creatures
  A quasit (D)
  An iron imp (D)
  3 shadow imps (D)
5 creatures vanquished.

Notes
Turn   | Place    | Note
-------+----------+-------------------------------------------
     0 | D        | BigDaddyOpFi the Octopode Fighter began the quest for the
                  | Orb.
     0 | D        | Reached XP level 1. HP: 16/16 MP: 1/1
     0 | D        | Found a shimmering blue altar of Sif Muna.
     0 | D        | Found a bloodstained altar of Trog.
     0 | D        | Found a sacrificial altar of Ru.
     0 | D        | Found a stormy altar of Qazlal.
     0 | D        | Found an iron altar of Okawaru.
     1 | D        | Found a sparkling altar of Nemelex Xobeh.
     1 | D        | Found a blossoming altar of Fedhas.
     1 | D        | Found the +6 Majin-Bo {spellvamp, MP+6 Int+6}
     1 | D        | Found the +27 heavy crossbow "Sniper" {heavy, Acc+∞ SInv}
     1 | D        | Found the +10 dark maul {heavy}
     1 | D        | Found the +15 Maxwell's patent armour {-Cast -Tele rElec
                  | Will+ rCorr}
     1 | D        | Found the +18 shield of the Gong {Loud rElec rN+ Will+
                  | EV-5}
     1 | D        | Found the +16 obsidian axe {drain, demonic, Mesm Drain Fly
                  | SInv}
     1 | D        | Found the +7 great mace "Firestarter" {flame, inner flame,
                  | rFlCloud rF++}
     1 | D        | Found the +6 shillelagh "Devastator" {shatter}
     1 | D        | Found the +11 plutonium sword {Contam Stlth-}
     1 | D        | Found the +8 lance "Wyrmbane" {slay drac, rPois rF+ rC+
                  | AC+3}
     1 | D        | Found the +9 sword of Zonguldrok {reap}
     1 | D        | Found the +13 scythe of Curses {drain, curses, Drain}
     1 | D        | Found the +9 sword of Power {lifebolt}
     1 | D        | Found the +7 mace of Variability {chaos, chain chaos}
     1 | D        | Found the +11 Singing Sword {sonic wave}
     1 | D        | Found the +8 storm bow {elec, penet}
     3 | D        | Found a transporter.
     3 | D        | Found an ancient bone altar of Kikubaaqudgha.
     3 | D        | Found a viscous altar of Jiyva.
     3 | D        | Found a corrupted altar of Lugonu.
     3 | D        | Found a hazy altar of Hepliaklqana.
     3 | D        | Found a burning altar of Makhleb.
     3 | D        | Found an opulent altar of Gozag.
    26 | D        | Became a worshipper of Qazlal Stormbringer
    75 | D        | Reached XP level 2. HP: 23/23 MP: 2/2
    80 | D        | Entered arena 2.
    80 | D        | Found a transporter.
    83 | D        | Reached skill level 1 in Invocations
   191 | D        | Entered arena 3.
   191 | D        | Found a transporter.
   196 | D        | Reached * piety under Qazlal
   197 | D        | Reached skill level 5 in Fighting
   197 | D        | Reached skill level 5 in Dodging
   197 | D        | Reached skill level 5 in Shields
   197 | D        | Reached XP level 3. HP: 29/29 MP: 2/4
   199 | D        | Reached XP level 4. HP: 35/35 MP: 2/6
   199 | D        | Reached ** piety under Qazlal
   477 | D        | Entered arena 4.
   477 | D        | Noticed a death cob
   477 | D        | Noticed a draconian
   477 | D        | Noticed a draconian
   477 | D        | Noticed a draconian
   477 | D        | Found a transporter.
   491 | D        | Mangled by a death cob

Illustrated notes

Levels and vault maps discovered:
D:        sprint_v [room_start, room_1, room_2, room_3, room_4, room_5, room_6,
          room_7, room_8, room_9, room_10, room_11, room_12, room_13, room_14,
          room_15, room_16, room_17, room_18, room_19, room_20, room_21,
          room_22, room_23, room_24, room_25, room_26, room_27]

Skill      XL: |  1  2  3  4 |
---------------+-------------+-----
Fighting       | 4 5 |  5.6
Maces & Flails | 3 |  3.4
Dodging        | 4 5 |  5.6
Shields        | 4 5 |  5.6
Invocations    | 2 3 |  3.0
Axes           | 3 |  3.5

Action                   |  1- 3 |  4- 6 || total
-------------------------+-------+-------++-------
Melee: Shillelagh        |     4 |     8 ||    12
       Constrict         |     1 |     2 ||     3
       Tentacles         |       |     1 ||     1
Evoke: Wand              |       |     2 ||     2
  Use: Potion            |     1 |     3 ||     4
       Scroll            |       |     1 ||     1
Dodge: Dodged            |     1 |     5 ||     6
Block: Kite shield       |     4 |    30 ||    34

Table legend: (Time is in decaauts)
 A = Elapsed time spent in this place.
 B = Non-inter-level travel time spent in this place.
 C = Inter-level travel time spent in this place.
 D = Time resting spent in this place.
 E = Time spent auto-exploring this place.
 F = Levels seen in this place.
 G = Mean time per level.
                   A        B        C        D        E       F      G
               +--------+--------+--------+--------+--------+-----+--------+
         Total |    492 |    492 |      0 |    367 |      0 |   1 |  492.0 |
       Dungeon |    492 |    492 |      0 |    367 |      0 |   1 |  492.0 |
               +--------+--------+--------+--------+--------+-----+--------+

Top non-repeatable levels by time:
       D: 492 daAuts
